 Dungeon Crawl Stone Soup version 0.31-a0-1499-ge0622b2318 (webtiles) character file.

Game seed: 6335710133555735620

91 browni3141 the Changeling (level 4, 0/33 HPs)
             Began as a Formicid Shapeshifter on Dec 29, 2023.
             Killed from afar by an orc wizard (9 damage)
             ... with a magic dart
             ... on level 3 of the Dungeon.
             The game lasted 00:04:58 (2134 turns).

browni3141 the Changeling (Formicid Shapeshifter)   Turns: 2134, Time: 00:04:59

Health: 0/33       AC:  3    Str: 19    XL:     4   Next: 87%
Magic:  4/4        EV: 12    Int:  9    God:
Gold:   108        SH:  0    Dex: 15    Spells: 3/3 levels left

rFire   . .          .
                       - Unarmed
rCold   . . .        (no shield)
rNeg    . . .        e - +0 leather armour
rPois   .            (helmet unavailable)
rElec   .            (cloak currently unavailable)
rCorr   .            (gloves currently unavailable)
SInv    +            (boots currently unavailable)
Will    .....        (no amulet)
Stlth   ++           (no ring)
HPRegen 0.25/turn    (no ring)
MPRegen 0.09/turn

%: no passive effects
@: beast-form, invisible
A: beast (slay +2), permanent stasis, dig shafts and tunnels, antennae 3, four
strong arms
a: Dig, Shaft Self, Begin Untransformation


You were on level 3 of the Dungeon.
You were a hulking beast.
You visited 1 branch of the dungeon, and saw 3 of its levels.

You collected 108 gold pieces.

Inventory:

Hand Weapons
 b - a +0 sling
Armour
 a - a +0 animal skin
 e - a +0 leather armour (worn)
Talismans
 c - a beast talisman
 d - a flux talisman
Wands
 m - a wand of acid (6)
Scrolls
 g - 4 scrolls of identify {unknown}
 i - a scroll of teleportation
 j - a scroll of brand weapon {unknown}
 k - 2 scrolls of butterflies {unknown}
 l - a scroll of enchant weapon {unknown}
Potions
 h - a potion of invisibility
 o - a potion of lignification


   Skills:
 - Level 1.6 Fighting
 - Level 2.0 Dodging
 - Level 2.0 Stealth
 - Level 3.5 Unarmed Combat
 * Level 2.6 Evocations
 - Level 3.5 Shapeshifting


You had 3 spell levels left.
You didn't know any spells.
Your spell library contained the following spells:

 Spells                   Type           Power      Damage    Failure   Level
 Freeze                   Ice            0%         1d3       43%         1
 Frozen Ramparts          Ice            0%         1d1       82%         3
 Hailstorm                Conj/Ice       0%         3d5       82%         3


Dungeon Overview and Level Annotations

Branches:
Dungeon (3/15)

Altars:
Vehumet

Annotations:
D:2 Terence


Innate Abilities, Weirdness & Mutations

You are a hulking beast.
Your limbs bulge with bestial killing power. (Slay +2)
You cannot be hasted, slowed, berserked, paralysed or teleported.
You can dig through walls and to a lower floor.
You have a pair of large antennae on your head. (SInv)
Your four strong arms can wield two-handed weapons with a shield.


Message History

You are more confused.
You closely miss the orc wizard.
The orc wizard is heavily wounded.
The orc wizard barely misses you.
You bump into the stone wall.
The orc wizard gestures at you while chanting.
The magic dart hits you!
* * * LOW HITPOINT WARNING * * *
It was a potion of invisibility.
You fade into invisibility!
The orc wizard hits you with a +0 dagger.
* * * LOW HITPOINT WARNING * * *
Unknown command.
It was a potion of haste.
Your stasis prevents you from being hasted.
The orc wizard barely misses you.
It was a potion of berserk rage.
Your stasis prevents you from going berserk.
The orc wizard barely misses you.
Unknown command.
It was a potion of curing.
You feel better.
The orc wizard hits you with a +0 dagger.
* * * LOW HITPOINT WARNING * * *
You barely miss the orc wizard.
The orc wizard is heavily wounded.
The orc wizard completely misses you.
You closely miss the orc wizard.
The orc wizard is heavily wounded.
The orc wizard hits you but does no damage.
You hit the orc wizard.
The orc wizard is severely wounded.
The orc wizard casts a spell at something.
You hit the orc wizard but do no damage.
The orc wizard is severely wounded.
The orc wizard hits you but does no damage.
You barely miss the orc wizard.
The orc wizard is severely wounded.
The orc wizard gestures at you while chanting.
The magic dart hits you!
You die...

##........#######.....[........
#........# {#..##.............
#........#{ +...##............
##.......#{ #....##....#.....#
#####.......#
#.....#.##########
......##....# #.⌠.⌠.#.#
.####....##.#{ +..⌠....#
............# #.⌠.⌠.###
####.......#####h....#
#.......##..#o...##
#.......##_.'...##
##.....###..#..##
##.....######### #.......#
#.......# #.......# ##.....##


You could see an orc wizard (unable to see you).

Vanquished Creatures
  An adder (D:2)
  2 ribbon worms
  4 orcs (D:3)
  5 ball pythons
  5 bats
  5 endoplasms
  4 giant cockroaches
  4 goblins
  6 hobgoblins
  5 jackals (D:1)
  A quokka (D:3)
  3 frilled lizards
  5 kobolds (D:1)
  7 rats
57 creatures vanquished.

Notes
Turn   | Place    | Note
-------+----------+-------------------------------------------
     0 | D:1      | browni3141 the Formicid Shapeshifter began the quest for
                  | the Orb.
     0 | D:1      | Reached XP level 1. HP: 15/15 MP: 1/1
   242 | D:1      | Reached skill level 1 in Stealth
   242 | D:1      | Reached XP level 2. HP: 18/21 MP: 2/2
   454 | D:1      | Found a faded altar of an unknown god.
   488 | D:1      | Reached XP level 3. HP: 26/26 MP: 3/3
  1198 | D:2      | Noticed Terence
  1229 | D:2      | Reached XP level 4. HP: 28/33 MP: 4/4
  1338 | D:2      | Reached skill level 1 in Evocations
  2104 | D:3      | Found a radiant altar of Vehumet.
  2134 | D:3      | Killed from afar by an orc wizard

Illustrated notes

Levels and vault maps discovered:
D:1:      beargit_arrival_diablo_church, layout_basic,
          ebering_ecumenical_altar_petrified
D:2:      layout_rooms, nicolae_elevator_lobby_plus, uniq_terence
D:3:      layout_rooms, palyth_temple_overflow_mages

Skill      XL: |  1  2  3  4 |
---------------+-------------+-----
Stealth        | 1 2 |  2.0
Dodging        | 2 |  2.0
Evocations     | 2 |  2.6
Fighting       | |  1.6
Unarmed Combat | |  3.5
Shapeshifting  | |  3.5

Action                     |  1- 3 |  4- 6 || total
---------------------------+-------+-------++-------
  Melee: Unarmed           |    91 |    88 ||   179
         Punch             |     3 |     2 ||     5
   Fire: Sling             |       |     4 ||     4
    Use: Scroll            |     1 |       ||     1
         Potion            |       |     4 ||     4
   Stab: Sleeping          |     4 |       ||     4
 Armour: Leather armour    |    31 |    50 ||    81
  Dodge: Dodged            |    49 |    45 ||    94

Table legend: (Time is in decaauts)
 A = Elapsed time spent in this place.
 B = Non-inter-level travel time spent in this place.
 C = Inter-level travel time spent in this place.
 D = Time resting spent in this place.
 E = Time spent auto-exploring this place.
 F = Levels seen in this place.
 G = Mean time per level.
                   A        B        C        D        E       F      G
               +--------+--------+--------+--------+--------+-----+--------+
         Total |   2123 |   2051 |     72 |      0 |   1525 |   3 |  707.7 |
       Dungeon |   2123 |   2051 |     72 |      0 |   1525 |   3 |  707.7 |
               +--------+--------+--------+--------+--------+-----+--------+

Top non-repeatable levels by time:
     D:1: 985 daAuts
     D:2: 596 daAuts
     D:3: 541 daAuts
